 Dungeon Crawl Stone Soup version 0.16-b1 (webtiles) character file.

329 McCoppin the Carver (level 6, -5/39 HPs)
             Began as a High Elf Gladiator on Mar 11, 2015.
             Killed from afar by Dowan (8 damage)
             ... with a shard of ice
             ... on level 4 of the Dungeon.
             The game lasted 00:12:01 (2740 turns).

McCoppin the Carver (High Elf Gladiator)            Turns: 2740, Time: 00:12:01

Health: -5/39      AC:  9    Str: 14    XL:     6   Next: 25%
Magic:  10/10      EV:  7    Int: 12    God:
Gold:   113        SH:  0    Dex: 18    Spells: 0 memorised, 5 levels left

rFire  . . .     SeeInvis .     l - +2 rapier (elec)
rCold  . . .     Clarity  .     k - +0 chain mail
rNeg   . . .     SustAb   .     (no shield)
rPois  .         Gourm    .     c - +0 helmet
rElec  .         Spirit   .     (no cloak)
rCorr  .         Warding  .     (no gloves)
rMut   .         Stasis   .     (no boots)
MR     .....                    (no amulet)
Stlth  ..........               (no ring)
                                (no ring)

@: not resistant to hostile enchantments, extremely unstealthy
A: no striking features
a: no special abilities


You were on level 4 of the Dungeon.
You were not hungry.

You visited 1 branch of the dungeon, and saw 4 of its levels.

You collected 113 gold pieces.

Inventory:

Hand weapons
 a - a +0 long sword
 g - a +0 long sword of protection
 l - a +2 rapier of electrocution (weapon)
Missiles
 d - 2 throwing nets (quivered)
 e - 65 stones
Armour
 b - a +0 leather armour
 c - a +0 helmet (worn)
 k - a +0 chain mail (worn)
Scrolls
 j - a scroll of remove curse
Potions
 h - a potion of heal wounds {unknown}
 m - a potion of invisibility {unknown}
 o - a potion of curing {unknown}
Comestibles
 f - 2 bread rations
 i - a royal jelly


   Skills:
 - Level 2.0 Fighting
 + Level 8.5 Long Blades
 - Level 2.1 Throwing
 - Level 3.2 Dodging


You had 5 spell levels left.
You didn't know any spells.

Dungeon Overview and Level Annotations

Branches:
Dungeon (4/15)
 Temple: D:4-7

Altars:

Annotations:
D:4 Dowan


Message History

Dowan barely misses you. Dowan hits you but does no damage.
Your chain mail prevents you from hitting Dowan.
Dowan is almost dead.
Dowan hits you but does no damage.
You closely miss Dowan.
Dowan is almost dead.
Dowan hits you but does no damage. x2
You hit Dowan.
Dowan is almost dead.
Dowan gestures wildly while chanting.
Dowan blinks!
Dowan gestures at you while chanting. The shard of ice hits you!
* * * LOW HITPOINT WARNING * * *
Dowan gestures wildly while chanting.
Dowan blinks!
Found a robe.
Dowan gestures at you while chanting. The shard of ice hits you!
You die...

. ##.e [..
e#.. .... ..#
# .... ..#
#.....###.# ..
...##.# #.
#.##.####
#e.#.......#
#..ยง@......##
#.#####.#...#
#...#.###
##......###
#)##.....###
#.#####....###
#......#.#...#
######.....#.#
#####...#


You could see Dowan.

Vanquished Creatures
  Eustachio (D:4)
  Duvessa (D:4)
  2 adders (D:4)
  3 gnolls (D:4)
  2 worms
  An adder zombie (D:4)
  2 giant geckos (D:1)
  4 orcs (D:3)
  A giant cockroach (D:1)
  3 goblins
  4 hobgoblins
  4 jackals (D:1)
  An ooze (D:2)
  2 quokkas
  6 bats
  3 giant newts
  8 kobolds
  8 rats
56 creatures vanquished.

Notes
Turn   | Place    | Note
--------------------------------------------------------------
     0 | D:1      | McCoppin, the High Elf Gladiator, began the quest for the Orb.
     0 | D:1      | Reached XP level 1. HP: 14/14 MP: 2/2
   214 | D:1      | Reached skill level 4 in Long Blades
   226 | D:1      | Reached XP level 2. HP: 17/19 MP: 3/3
  1020 | D:2      | Reached skill level 5 in Long Blades
  1214 | D:2      | Reached XP level 3. HP: 20/24 MP: 5/5
  1739 | D:3      | Reached XP level 4. HP: 22/29 MP: 7/7
  1954 | D:4      | Reached skill level 6 in Long Blades
  1981 | D:4      | Noticed an ogre
  2409 | D:4      | Noticed Eustachio
  2442 | D:4      | Killed Eustachio
  2442 | D:4      | Reached skill level 8 in Long Blades
  2442 | D:4      | Reached XP level 5. HP: 12/34 MP: 8/8
  2656 | D:4      | Noticed Duvessa
  2706 | D:4      | Noticed Dowan
  2718 | D:4      | Killed Duvessa
  2718 | D:4      | Reached XP level 6. HP: 39/39 MP: 10/10
  2740 | D:4      | Killed from afar by Dowan

Action                   |  1- 3 |  4- 6 || total
-------------------------+-------+-------++-------
Melee: Long sword        |   130 |    91 ||   221
       Rapier            |       |    17 ||    17
Throw: Throwing net      |     8 |     2 ||    10
  Use: Scroll            |       |     3 ||     3
       Potion            |       |     1 ||     1
 Stab: Held in net/web   |     4 |       ||     4
  Eat: Chunk             |     3 |     1 ||     4
       Bread ration      |       |     1 ||     1
